 Dungeon Sprint DCSS version bcrawl-1.21.3-2-g9d8a61a446 (webtiles) character file.

Game seed: 4185263670488174715

0 funkygono the Destroyer (level 3, -2/21 HPs)
             Began as a Fairy Conjurer on Apr 12, 2020.
             Slain by a gnoll
             ... wielding a +1 whip of venom
              (6 damage)
             ... in the Dungeon (Sprint VI: "Thunderdome").
             The game lasted 00:00:21 (20 turns).

funkygono the Destroyer (Fairy Conjurer)              Turns: 20, Time: 00:00:21

Health: -2/21      AC:  4    Str:  6    XL:     3   Next: 14%
Magic:  7/10       EV: 17    Int: 19    God:
Gold:   200        SH:  4    Dex: 12    Spells: 8/9 levels left

rFire    . . .     SeeInvis .   (weapon restricted)
rCold    . . .     Gourm    .   (shield restricted)
rNeg     . . .     Faith    .   (armour unavailable)
rPois    .         Spirit   .   (no helmet)
rElec    .         Reflect  .   (no cloak)
rCorr    .         Harm     .   (no gloves)
MR       .....     NoTele   +   (no boots)
Stlth    +.........             (no amulet)
HPRegen  0.07/turn              (no ring)
MPRegen  0.12/turn              (no ring)

@: lethally poisoned (-2 -> -14), flying evasively
A: small, magic attunement, unstealthy, unfitting armour, able to fly, AC/SH +4
a: Stop Flying


You were in the Dungeon.
You were not hungry.

You visited 1 branch You collected 200 gold pieces.

Inventory:

Wands
 i - a wand of acid (5)
 j - a wand of iceblast (5)
Scrolls
 h - 4 scrolls of blinking
 k - 3 scrolls of fog
Potions
 a - a potion of resistance
 b - 3 potions of magic
 c - 4 potions of heal wounds
 d - a potion of curing
 f - 4 potions of haste
 g - a potion of berserk rage
Comestibles
 e - a ration {!d}


   Skills:
 + Level 0.1 Fighting
 + Level 3.3 Dodging
 + Level 1.9 Stealth
 + Level 3.5 Spellcasting
 + Level 8.0 Conjurations


You had 8 spell levels left.
You knew the following spells:

 Your Spells              Type           Power        Failure   Level  Hunger
a - Magic Dart            Conj           ####         1%          1    None

Your spell library contained the following spells:

 Spells                   Type           Power        Failure   Level  Hunger
 Searing Ray              Conj           ####....     1%          2    None
 Iskenderun's Mystic Bla  Conj           ####....     1%          3    None
 Fulminant Prism          Conj/Hex       ###.......   28%         4    None
 Irradiate                Conj/Tmut      ###.......   61%         5    None


Dungeon Overview and Level Annotations

Branches:
Dungeon (1/1)

Altars:
Cheibriados
Dithmenos
Fedhas
Kikubaaqudgha
Makhleb
Okawaru
Ru
Yredelemnul

Shops:
D ??:(


Innate Abilities, Weirdness & Mutations

Your spells do not cause hunger and MP costs are reduced by 1.
Your bright wings attract enemies. (Stealth-)
You cannot fit into any form of body armour.
Your shimmering scales are hard and can block incoming attacks. (AC +4, SH +4)
You are small and have problems with some larger weapons.
You can fly continuously.


Message History

Casting: Magic Dart (safe; 1% risk of failure)
Confirm with . or Enter, or press ? or * to list all spells.
Aiming: Magic Dart (safe; 1% risk of failure)
Press: ? - help, Shift-Dir - straight line, f - gnoll
Aim: a gnoll, wielding a +1 whip of venom The magic dart hits the gnoll.
The gnoll is moderately wounded.
* * * LOW HITPOINT WARNING * * *
You feel sick. You block the gnoll's attack.
Casting: Magic Dart (safe; 1% risk of failure)
Confirm with . or Enter, or press ? or * to list all spells.
Aiming: Magic Dart (safe; 1% risk of failure)
Press: ? - help, Shift-Dir - straight line, f/p - gnoll
Aim: a gnoll, wielding a +1 whip of venom (moderately wounded)
The magic dart hits the gnoll.
The gnoll is severely wounded.
* * * LOW HITPOINT WARNING * * *
You feel sick.
The gnoll hits you with a +1 whip of venom.
You die...

##⌠⌠⌠# #.....
#.....# #∩.....∩##
#∩.......∩#
#_......._#
#_......g_#
#........@#
###.........###
#⌠...........⌠#
#.8.........8.###
......###......___
...8. #.8........
.....###..........
#...###.......
#.<.# .......


You could see a gnoll.

Vanquished Creatures
  Crazy Yiuf (D)
1 creature vanquished.

Notes
Turn   | Place    | Note
-------+----------+-------------------------------------------
     0 | D        | funkygono the Fairy Conjurer began the quest for the Orb.
     0 | D        | Reached XP level 1. HP: 11/11 MP: 6/6
     1 | D        | Found a burning altar of Makhleb.
     1 | D        | Found an ancient bone altar of Kikubaaqudgha.
     2 | D        | Found an iron altar of Okawaru.
     2 | D        | Found a shadowy altar of Dithmenos.
     3 | D        | Found a blossoming altar of Fedhas.
     3 | D        | Found a snail-covered altar of Cheibriados.
     4 | D        | Found a sacrificial altar of Ru.
     4 | D        | Found Mupip's Staff Store.
     4 | D        | Found Seipafel's Magic Scroll Shop.
     5 | D        | Found a basalt altar of Yredelemnul.
     5 | D        | Found Kaxucw's Must-Have Magic.
     5 | D        | Found Guleg's Magic Scroll Shop.
     5 | D        | Round 1.
     8 | D        | Noticed Crazy Yiuf
    18 | D        | Killed Crazy Yiuf
    18 | D        | Reached skill level 8 in Conjurations
    18 | D        | Reached XP level 2. HP: 7/17 MP: 6/8
    18 | D        | Reached XP level 3. HP: 8/21 MP: 7/10
    20 | D        | Slain by a gnoll

Skill      XL: |  1 |
---------------+----+-----
Dodging        | 3 |  3.3
Spellcasting   | 3 |  3.5
Conjurations   | 8 |  8.0
Fighting       | |  0.1
Stealth        | |  1.9

Action                   || total
-------------------------++-------
 Cast: Magic Dart        ||    12
Dodge: Dodged            ||     3
Block: Other             ||     1
